Map: Dédale EC

Players

defer - Winner!

  • Race: Protoss Protoss
  • Spawn Location: 7:00

IA (difficile)

  • Race: Terran Terran
  • Spawn Location: 1:00

VOD

Have the link to the VOD?

Description

Time

  • Played on: May 20, 2018, 7:39 a.m.
  • Length: 4:46
Show
View Real Time Build Order
Export as new Build Order

defer Protoss - Winner!

Build Orders:  

Get SALT Encoding   

  12  0:00  Probe  
  13  0:14  Pylon  
  13  0:16  Probe  
  14  0:28  Probe  
  14  0:32  Gateway  
  15  0:40  Probe  
  16  0:46  Assimilator  
  16  0:52  Assimilator  
  16  0:53  Probe  
  17  1:05  Probe  
  18  1:17  Probe  
  19  1:19  Cybernetics Core  
  19  1:25  Pylon  
  19  1:29  Probe  
  20  1:41  Probe  
  21  1:55  Robotics Facility  
  21  1:56  Adept  
  21  1:58  Robotics Facility  
  23  2:22  Adept  
  25  2:32  Immortal  
  25  2:35  Warp Prism  
  29  2:49  Pylon  
  31  3:11  Immortal  
  35  3:17  Immortal  
  35  3:48  Immortal  
  39  3:59  Pylon  
Show
View Real Time Build Order
Export as new Build Order

IA (difficile) Terran 

Build Orders:  

Get SALT Encoding   

  12  0:00  SCV  
  13  0:13  SCV  
  14  0:18  Supply Depot  
  14  0:25  SCV  
  15  0:39  SCV  
  15  0:42  Barracks  
  16  0:47  Refinery  
  16  0:52  SCV  
  17  1:04  SCV  
  18  1:16  SCV  
  19  1:20  Supply Depot  
  19  1:28  SCV  
  19  1:29  Marine  
  21  1:41  Orbital Command, Barracks  
  21  1:47  Barracks Tech Lab  
  21  1:50  Refinery  
  21  2:05  Marine  
  21  2:07  Supply Depot  
  22  2:23  Marine  
  22  2:27  Marine  
  24  2:41  Marine  
  24  2:42  Supply Depot  
  25  2:45  Marine  
  26  2:59  Marine  
  26  3:03  Marine  
  28  3:13  Supply Depot, SCV  
  28  3:17  Marauder  
  30  3:20  Marine  
  30  3:25  SCV  
  25  3:39  Marauder  
  26  3:41  Marine  
  24  3:59  Marine  
  24  4:03  Marauder, SCV  
  20  4:15  SCV  
  20  4:17  Marine  
  16  4:23  Marine  
  12  4:27  SCV  
Tags
 
Matchup
PvT
Spawn Locations
Cross Positions
Add a new tag
Caveats
  • Supply blocks, unpowered buildings, or Contaminate may cause inaccurate times.
  • Supply counts are checked every 10 seconds.